 Dungeon Crawl Stone Soup version 0.30-a0-651-g0755cc6dcf (webtiles) character file.

Game seed: 16524316082759680273

144 Citaku the Covered (level 5, -3/44 (47) HPs)
             Began as a Minotaur Fighter on Jan 17, 2023.
             Killed by divine providence
             ... invoked by an orc priest
              (10 damage)
             ... on level 3 of the Dungeon.
             The game lasted 00:02:08 (1160 turns).

Citaku the Covered (Minotaur Fighter)               Turns: 1160, Time: 00:02:08

HP:   -3/44 (47)    AC:  8    Str: 23    XL:     5   Next: 5%
MP:   4/4           EV: 14    Int:  5    God:
Gold: 101           SH:  4    Dex:  9    Spells: 4/4 levels left

rFire   . . .      SeeInvis .    a - +0 war axe
rCold   . . .      Faith    .    c - +0 buckler
rNeg    . . .      Spirit   .    b - +0 scale mail
rPois   .          Reflect  .    (helmet restricted)
rElec   .          Harm     .    (no cloak)
rCorr   .          Rampage  .    (no gloves)
Will    .....                    k - +0 pair of boots Stlth
                                 (no amulet)
HPRegen 0.27/turn                n - +5 ring of evasion
MPRegen 0.09/turn                (no ring)

@: hasted, drained, very quick
A: horns 2, retaliatory headbutt
a: no special abilities


You were on level 3 of the Dungeon.
You visited 1 branch of the dungeon, and saw 3 of its levels.

You collected 101 gold pieces.

Inventory:

Hand Weapons
 a - a +0 war axe (weapon)
Armour
 b - a +0 scale mail (worn)
 c - a +0 buckler (worn)
 k - a +0 pair of boots (worn)
Jewellery
 n - a +5 ring of evasion (left hand)
Scrolls
 e - 3 scrolls of identify {unknown}
 i - 2 scrolls of blinking {unknown}
 l - a scroll of butterflies {unknown}
Potions
 d - a potion of might
 f - a potion of curing {unknown}
 g - a potion of magic {unknown}
 h - 4 potions of haste
 j - a potion of attraction {unknown}
 m - a potion of degeneration {unknown}
 o - a potion of flight {unknown}
 p - 2 potions of heal wounds {unknown}


   Skills:
 + Level 4.3 Fighting
 * Level 4.1 Axes
 * Level 5.0 Armour
 + Level 4.3 Shields


You had 4 spell levels left.
You didn't know any spells.
Your spell library contained the following spells:

 Spells                   Type           Power      Damage    Failure   Level
 Cigotuvi's Dreadful Rot  Necr/Pois/Air  0%         N/A       94%         2
 Poisonous Vapours        Pois/Air       0%         N/A       94%         2
 Mephitic Cloud           Conj/Pois/Air  0%         N/A       99%         3
 Animate Dead             Necr           0%         N/A       100%        4
 Haunt                    Necr/Summ      0%         N/A       100%        7
 Infestation              Necr           0%         N/A       100%        8


Dungeon Overview and Level Annotations

Branches:
Dungeon (3/15)

Altars:
Hepliaklqana

Shops:
D:2 !

Portals:
Sewer: D:3


Innate Abilities, Weirdness & Mutations

You have a pair of horns on your head.
You reflexively headbutt those who attack you in melee.


Message History

The orc priest hits you but does no damage.
You block the orc's attack.
The orc throws a stone.
The stone closely misses you. The orc hits you but does no damage.
You feel drained. The orc priest misses you.
You hit the orc priest but do no damage.
You hit the orc. You closely miss the giant cockroach.
The giant cockroach barely misses you.
The orc priest looks encouraged for a moment.
The orc barely misses you. You furiously retaliate!
You headbutt the orc!
You kill the orc!
You hear a splash.
You closely miss the orc priest. Your headbutt misses the orc priest.
You hit the giant cockroach but do no damage.
You barely miss the orc. You closely miss the rat.
You block the giant cockroach's attack. The rat misses you.
The orc priest calls down the wrath of Beogh upon you.
Beogh smites you! The orc hits you with a +0 dagger.
The giant cockroach splashes around in the water.
The kobold throws a stone.
The stone misses you.
The stone closely misses the orc priest.
The stone hits the worm.
You are too injured to fight recklessly!
You are too injured to fight recklessly!
The rat bites you but does no damage. The orc priest barely misses you.
You furiously retaliate!
You headbutt the orc priest.
The giant cockroach splashes around in the water.
The orc hits you but does no damage. The orc hits you with a +0 war axe!
* * * LOW HITPOINT WARNING * * *
The orc priest hits you but does no damage.
The orc priest splashes around in the water.
The rat misses you. The giant cockroach misses you. You furiously retaliate!
You headbutt the giant cockroach!
You kill the giant cockroach!
You block the orc's attack.
There is a glowing drain, spattered with blood here.
It was a potion of haste.
You feel yourself speed up. The orc closely misses you.
You furiously retaliate!
You headbutt the orc.
The orc priest mumbles some strange prayers to Beogh against you.
Beogh smites you!
You die...

#. #..........
#.########.#####.##.
##.#........ #.##.
##........... #.##.
##..#...#....# .###.#..
#...~~~~~....# .......#
#.#~~~K~~~#..# #####..
##..~~o~~~~~... ##.
#...~~r@o~~.... #.
#..~~~oow~~..#. #.
#..#~~~~~~~#... #.
#....~~~~~...#. #.
#.#..#~..#......#######.
#..#....................
##.......####...########
#.####### ..


You could see a worm, 2 orc priests, 2 orcs, a kobold and a rat.

Vanquished Creatures
  Jessica (D:2)
  An iguana (D:3)
  A gnoll (D:2)
  3 adders
  3 worms
  2 orcs (D:3)
  6 ball pythons
  3 endoplasms (D:1)
  3 giant cockroaches
  6 goblins
  4 hobgoblins
  3 jackals (D:3)
  A quokka (D:1)
  3 bats
  A frilled lizard (D:3)
  3 kobolds
44 creatures vanquished.

Notes
Turn   | Place    | Note
-------+----------+-------------------------------------------
     0 | D:1      | Citaku the Minotaur Fighter began the quest for the Orb.
     0 | D:1      | Reached XP level 1. HP: 19/19 MP: 0/0
   118 | D:1      | Reached XP level 2. HP: 24/27 MP: 1/1
   163 | D:1      | Reached skill level 4 in Armour
   166 | D:1      | You fall into a shaft and drop 1 floor!
   167 | D:2      | Found Ykhe's Distillery.
   316 | D:2      | Reached XP level 3. HP: 32/33 MP: 2/2
   554 | D:2      | Found a hazy altar of Hepliaklqana.
   558 | D:2      | Noticed Jessica
   562 | D:2      | Killed Jessica
   563 | D:2      | Reached XP level 4. HP: 40/40 MP: 3/3
  1106 | D:3      | Reached skill level 5 in Armour
  1106 | D:3      | Reached XP level 5. HP: 37/46 MP: 4/4
  1154 | D:3      | Found a glowing drain.
  1160 | D:3      | Killed from afar by an orc priest

Illustrated notes

Levels and vault maps discovered:
D:1:      ncdulo_halloftheorcs, layout_basic
D:2:      layout_basic, basic_altar, serial_shops, nicolae_shop_waterfront,
          minmay_tetromino_i2, uniq_jessica
D:3:      layout_loops_ring, cheibrodos_sewer_entry_drain

Skill      XL: |  1  2  3  4 |
---------------+-------------+-----
Armour         | 4 5 |  5.0
Axes           | 3 4 |  4.1
Shields        | 4 |  4.3
Fighting       | 4 |  4.3

Action                   |  1- 3 |  4- 6 || total
-------------------------+-------+-------++-------
Melee: War axe           |    45 |    34 ||    79
       Headbutt          |     5 |     4 ||     9
  Use: Potion            |       |     1 ||     1
Armor: Scale mail        |    24 |    10 ||    34
Dodge: Dodged            |    26 |    32 ||    58
Block: Buckler           |    13 |    10 ||    23

Table legend: (Time is in decaauts)
 A = Elapsed time spent in this place.
 B = Non-inter-level travel time spent in this place.
 C = Inter-level travel time spent in this place.
 D = Time resting spent in this place.
 E = Time spent auto-exploring this place.
 F = Levels seen in this place.
 G = Mean time per level.
                   A        B        C        D        E       F      G
               +--------+--------+--------+--------+--------+-----+--------+
         Total |   1190 |   1168 |     22 |      0 |    913 |   3 |  396.7 |
       Dungeon |   1190 |   1168 |     22 |      0 |    913 |   3 |  396.7 |
               +--------+--------+--------+--------+--------+-----+--------+

Top non-repeatable levels by time:
     D:2: 683 daAuts
     D:3: 333 daAuts
     D:1: 173 daAuts
